[Event "*** Titled Tuesday Blitz"]
[Site "Chess.com"]
[Date "2020.10.20"]
[Round "1"]
[White "A-S-00"]
[Black "Gahan-MG"]
[Result "0-1"]
[WhiteElo "2268"]
[BlackElo "2596"]
[TimeControl "180+1"]
[EndTime "10:05:22 PDT"]
[Termination "Gahan-MG won by resignation"]

1. d4 Nf6 2. Nf3 g6 3. c4 Bg7 4. g3 O-O 5. Bg2 d5 6. cxd5 Nxd5 7. O-O Nb6 8. Nc3 Nc6 9. e3 e5 10. d5 e4 11. dxc6 Qxd1 12. Rxd1 exf3 13. Bxf3 bxc6 14.
Bxc6 Rb8 15. Rb1 Nc4 16. Na4 Bf5 17. e4 Bg4 18. Re1 Ne5 19. Bd5 Nf3+ 20. Kf1 Nxe1 21. Kxe1 Bf3 22. Be3 Rb4 23. Nc5 Rxb2 24. Rxb2 Bxb2 25.
Nd7 Re8 26. Bxa7 Bxe4 27. Bxe4 Rxe4+ 28. Kd2 Ra4 29. Bc5 Rxa2 30. Ke3 Bg7 31. h4 f5 32. Kf3 Kf7 33. Be3 Ke6 34. Nc5+ Kd5 35. Nd3 Ra3 36. Nb4+ Kc4 37. Nc6 Bf6 38. Kf4 Kd5 39.
Nb4+ Kc4 40. Nc6 Kb5 41. Nd4+ Bxd4 42. Bxd4 Ra4 43. Ke5 c5 44. Be3 Re4+ 45. Kf6 Rxe3 46. fxe3 c4 47. Kg7 c3 48. Kxh7 c2 49. Kxg6 c1=Q 50. Kxf5 Qxe3 51. g4 Qh6 52. h5 Kc6 53. g5 Qxh5 0-1

[Event "*** Titled Tuesday Blitz"]
[Site "Chess.com"]
[Date "2020.10.20"]
[Round "1"]
[White "Durarbayli"]
[Black "anasta10"]
[Result "1-0"]
[WhiteElo "2787"]
[BlackElo "2388"]
[TimeControl "180+1"]
[EndTime "10:05:23 PDT"]
[Termination "Durarbayli won by resignation"]

1. e4 e6 2. d4 d5 3. e5 c5 4. c3 Nc6 5. Nf3 Qb6 6. Be2 Nh6 7. Bxh6 gxh6 8. Qd2 Bd7 9. O-O Rg8 10. Na3 cxd4 11. cxd4 Rg4 12. Nc2 Rc8 13. h3 Rg6 14. Bd3 Rg7 15.
Rfc1 Kd8 16. Rab1 Kc7 17. b4 Kb8 18. a3 h5 19. Rb3 Be7 20. Bf1 f6 21. exf6 Bxf6 22.
Qf4+ e5 23. Qxf6 Rg6 24. Nxe5 Rxf6 25. Nxd7+ 1-0

[Event "*** Titled Tuesday Blitz"]
[Site "Chess.com"]
[Date "2020.10.20"]
[Round "1"]
[White "Oneofmyturns"]
[Black "AttractiveMustard"]
[Result "1-0"]
[WhiteElo "2706"]
[BlackElo "2351"]
[TimeControl "180+1"]
[EndTime "10:05:23 PDT"]
[Termination "Oneofmyturns won by resignation"]

1. d4 Nf6 2. c4 g6 3. Nc3 Bg7 4. e4 d6 5. h3 O-O 6. Be3 e5 7.
d5 a5 8. g4 Na6 9. Nge2 Nd7 10.
Ng3 Bf6 11. h4 Bxh4 12. Qd2 Ndc5 13. Be2 Bd7 14. O-O-O a4 15. Kb1 Nb4 16. Bxc5 dxc5 17. Qh6 Qg5 18. Qxh4 Qxh4 19. Rxh4 Kg7 20. Rdh1 Rh8 21.
a3 Na6 22. Bd1 Nb8 23. g5 Ra6 24. Nge2 c6 25. Nc1 cxd5 26. exd5 Ra5 27. Bc2 Na6 28.
Nd3 f6 29. gxf6+ Kxf6 30. Rxh7 Rxh7 31. Rxh7 Bf5 32. Rxb7 1-0

[Event "*** Titled Tuesday Blitz"]
[Site "Chess.com"]
[Date "2020.10.20"]
[Round "1"]
[White "tdf98pantani"]
[Black "Flopezin"]
[Result "1-0"]
[WhiteElo "2728"]
[BlackElo "2364"]
[TimeControl "180+1"]
[EndTime "10:05:26 PDT"]
[Termination "tdf98pantani won by checkmate"]

1. d4 Nf6 2. c4 e6 3. Nf3 c5 4. d5 d6 5. Nc3 exd5 6. cxd5 g6 7. Bf4 a6 8. a4 Bg7 9. e3 O-O 10. h3 Ne8 11. Be2 Nd7 12. O-O Qe7 13. Qc2 Ne5 14. Nd2 Bd7 15. Rab1 Rc8 16. a5 Nc7 17. Bxe5 Bxe5 18. Nc4 Bb5 19. Nb6 Rce8 20. Nxb5 Nxb5 21. Nc4 Bg7 22. Rbe1 f5 23. Bd3 Nc7 24. Nb6 Rd8 25. f4 Na8 26. Nxa8 Rxa8 27. e4 fxe4 28. Rxe4 Qf6 29. b3 Rae8 30. Rfe1 Kf7 31.
Bc4 Rxe4 32. Rxe4 Qa1+ 33. Kh2 Bd4 34. Qe2 Bf6 35. Re6 Qxa5 36. Rxd6 Re8 37. Rxf6+ Kxf6 38. Qxe8 Qc7 39. d6 Qxd6 40. Qf7# 1-0

[Event "*** Titled Tuesday Blitz"]
[Site "Chess.com"]
[Date "2020.10.20"]
[Round "1"]
[White "Semetey"]
[Black "coco_crc"]
[Result "1-0"]
[WhiteElo "2525"]
[BlackElo "2183"]
[TimeControl "180+1"]
[EndTime "10:05:27 PDT"]
[Termination "Semetey won by resignation"]

1. d4 d5 2. c4 e6 3. Nc3 Be7 4. cxd5 exd5 5. Bf4 Nf6 6. e3 c6 7. Bd3 O-O 8. Qc2 Nbd7 9. Nf3 Re8 10. h3 Nf8 11. g4 Qa5 12. O-O-O b5 13. Kb1 b4 14. Ne2 Ba6 15. Ne5 Bxd3 16. Qxd3 Rac8 17. Ng3 Ne6 18. g5 Nxf4 19. exf4 Ne4 20. Nxe4 dxe4 21.
Qxe4 c5 22. Qd5 Rf8 23. g6 hxg6 24. Nxg6 Rfe8 25. Ne5 Rf8 26. Rhg1 Bf6 27. Nd7 Bxd4 28.
Rxd4 Qd8 1-0

[Event "*** Titled Tuesday Blitz"]
[Site "Chess.com"]
[Date "2020.10.20"]
[Round "1"]
[White "Luibov_AN"]
[Black "Chessdreamer2020"]
[Result "0-1"]
[WhiteElo "2035"]
[BlackElo "2479"]
[TimeControl "180+1"]
[EndTime "10:05:27 PDT"]
[Termination "Chessdreamer2020 won by resignation"]

1. d4 d6 2. Nf3 g6 3. Bg5 Bg7 4. e4 h6 5. Bh4 Nd7 6. c3 Ngf6 7. Nbd2 g5 8. Bg3 Nh5 9. Bc4 c5 10. dxc5 Nxc5 11. Qc2 O-O 12. O-O-O a6 13. h4 g4 14. Nd4 Nxg3 15. fxg3 e6 16. Be2 h5 17. Rhf1 b5 18.
N2b3 Qc7 19. Nxc5 dxc5 20. Nb3 Qxg3 21. Kb1 Qe5 22. Qd2 Bb7 23. Ka1 Bxe4 24. Qe3 Bxg2 25. Qxe5 Bxe5 26. Rg1 Bd5 27. Nxc5 Rfc8 28. Nd3 Bh2 29.
Rgf1 Rd8 30. Nf4 Bxf4 31. Rxf4 Bc4 0-1

[Event "*** Titled Tuesday Blitz"]
[Site "Chess.com"]
[Date "2020.10.20"]
[Round "1"]
[White "TokChess"]
[Black "Sychev_Klementy"]
[Result "0-1"]
[WhiteElo "2431"]
[BlackElo "2875"]
[TimeControl "180+1"]
[EndTime "10:05:28 PDT"]
[Termination "Sychev_Klementy won by resignation"]

1. Nf3 Nf6 2. g3 d5 3. Bg2 e6 4. O-O Be7 5. d4 O-O 6. c4 dxc4 7. Qc2 a6 8. a4 Bd7 9. Bg5 Bc6 10. Qxc4 Bd5 11.
Qc2 Be4 12. Qd2 Nc6 13. Nc3 Bg6 14. Rfd1 Na5 15. Qf4 Nb3 16. Ra2 c6 17. Bxf6 Bxf6 18. Ne5 Bc2 19. Rf1 Nxd4 20. b4 Bg5 21. Qg4 Bf5 22. Qh5 g6 0-1

[Event "*** Titled Tuesday Blitz"]
[Site "Chess.com"]
[Date "2020.10.20"]
[Round "1"]
[White "chesstrainer2042"]
[Black "Firouzja2003"]
[Result "0-1"]
[WhiteElo "2451"]
[BlackElo "3002"]
[TimeControl "180+1"]
[EndTime "10:05:29 PDT"]
[Termination "Firouzja2003 won by checkmate"]

1. e4 e5 2. Nf3 Nc6 3. Bc4 Nf6 4.
d3 Bc5 5. c3 O-O 6. O-O d6 7.
a4 a6 8. h3 Ba7 9. Nbd2 Ne7 10.
Re1 Ng6 11. Nf1 Re8 12. Ng3 Be6 13. Bxe6 Rxe6 14. Qb3 Nd7 15. d4 h6 16. Be3 Qc8 17. Nf5 Nf6 18. Ng3 exd4 19. Nxd4 Re8 20. Qc2 Qd7 21. Ndf5 Bxe3 22. Rxe3 Re5 23. Qb3 b6 24. Nd4 Rae8 25. Rae1 Nf4 26. Nf3 R5e6 27. Nd4 Re5 28. Nf3 Ra5 29. e5 dxe5 30. Nxe5 Qd5 31. c4 Qxg2# 0-1

[Event "*** Titled Tuesday Blitz"]
[Site "Chess.com"]
[Date "2020.10.20"]
[Round "1"]
[White "Shubinkirill2003"]
[Black "garfield_pg"]
[Result "1-0"]
[WhiteElo "2645"]
[BlackElo "2307"]
[TimeControl "180+1"]
[EndTime "10:05:29 PDT"]
[Termination "Shubinkirill2003 won by checkmate"]

1. e4 c5 2. Nf3 a6 3. c3 Nc6 4. d4 d6 5. dxc5 Nf6 6. cxd6 Nxe4 7. Bd3 Nxd6 8. O-O Bg4 9. h3 Bxf3 10. Qxf3 Ne5 11. Qe2 Nxd3 12. Qxd3 e6 13. Rd1 Qc8 14. Bf4 Nf5 15. Nd2 Be7 16. g4 Nh4 17. Ne4 O-O 18. Qg3 Qc6 19. Re1 f5 20. gxf5 exf5 21. Nd2 Ng6 22. Bg5 f4 23. Qg4 Bxg5 24. Qxg5 h6 25. Qg4 Rad8 26. Re6 Qd7 27. Qxg6 Qxd2 28. Re7 Qxb2 29.
Qxg7# 1-0

[Event "*** Titled Tuesday Blitz"]
[Site "Chess.com"]
[Date "2020.10.20"]
[Round "1"]
[White "Berardino"]
[Black "pavelalexandru07"]
[Result "1-0"]
[WhiteElo "2584"]
[BlackElo "2264"]
[TimeControl "180+1"]
[EndTime "10:05:29 PDT"]
[Termination "Berardino won by resignation"]

1. e4 c5 2. Nf3 d6 3. d4 cxd4 4. Nxd4 Nf6 5. Nc3 a6 6. a3 e5 7. Nf5 d5 8. Bg5 Bxf5 9. exf5 d4 10. Bxf6 gxf6 11. Ne4 Be7 12. Bd3 Nc6 13. O-O h5 14. h4 Qd7 15. Qf3 O-O-O 16. b4 Rdg8 17. Rab1 Rg4 18. g3 Rhg8 19. Kh2 Qd5 20. b5 axb5 21. Rxb5 Qd7 22. Rfb1 Nd8 23. a4 Rf4 24. gxf4 Rg4 25. Ng3 Rxh4+ 26. Kg2 Rxf4 27. Qd5 Qe8 28. Rxb7 Nxb7 29. Qxb7+ Kd8 30. Qb8+ 1-0

[Event "*** Titled Tuesday Blitz"]
[Site "Chess.com"]
[Date "2020.10.20"]
[Round "1"]
[White "cukin84"]
[Black "pedromartinez91"]
[Result "0-1"]
[WhiteElo "2034"]
[BlackElo "2477"]
[TimeControl "180+1"]
[EndTime "10:05:29 PDT"]
[Termination "pedromartinez91 won by resignation"]

1. e4 e6 2. d4 d5 3. Nc3 Nf6 4.
e5 Ne4 5. Nxe4 dxe4 6. c3 c5 7. Be3 cxd4 8. cxd4 Bb4+ 9. Bd2 Qxd4 10. Ne2 Qxb2 11.
Bxb4 Qxb4+ 12. Qd2 Qxd2+ 13. Kxd2 Nc6 14. Nc3 Nxe5 15.
Nxe4 O-O 16. Bb5 Bd7 17. Be2 Rfb8 18. Rhc1 Bc6 19. f3 Bxe4 20. fxe4 Rc8 21. Ke3 Kf8 22. h3 Ke7 23. g4 g5 24. Rab1 b6 25. Bb5 f6 26. a4 Rab8 27. Ba6 Rxc1 28. Rxc1 Rd8 29. Rc7+ Rd7 30. Rc8 Rd1 31. Rc7+ Kd6 32. Rxh7 Re1+ 33.
Kf2 Rxe4 34. Rxa7 Rxa4 35. Ra8 Nd3+ 36. Kg3 Nc5 37. Rd8+ Ke5 0-1

[Event "*** Titled Tuesday Blitz"]
[Site "Chess.com"]
[Date "2020.10.20"]
[Round "1"]
[White "kleinebeer98"]
[Black "ScarpaChess"]
[Result "0-1"]
[WhiteElo "2607"]
[BlackElo "2703"]
[TimeControl "180+1"]
[EndTime "10:05:37 PDT"]
[Termination "ScarpaChess won by resignation"]

1. e4 c5 2. Nf3 d6 3. d4 cxd4 4. Nxd4 Nf6 5. Nc3 a6 6. Rg1 b5 7. g4 Bb7 8. Bg2 Nfd7 9. g5 e6 10. h4 b4 11. Nce2 Nc5 12. Ng3 Nbd7 13. h5 Be7 14. g6 hxg6 15. hxg6 fxg6 16. a3 a5 17. Be3 Kf7 18. Nge2 Ne5 19. Nf4 g5 20.
Nd3 Nxe4 21. Nxe5+ dxe5 22. Nf3 Qc7 23. Qe2 bxa3 24.
Bc1 Bb4+ 25. c3 axb2 26. Bxb2 Bxc3+ 27. Kf1 Ba6 0-1

[Event "*** Titled Tuesday Blitz"]
[Site "Chess.com"]
[Date "2020.10.20"]
[Round "1"]
[White "Zkid"]
[Black "MFBerna"]
[Result "1-0"]
[WhiteElo "2823"]
[BlackElo "2412"]
[TimeControl "180+1"]
[EndTime "10:05:38 PDT"]
[Termination "Zkid won by resignation"]

1. e4 c6 2. d4 d5 3. exd5 cxd5 4. Bd3 Nf6 5. c3 Nc6 6. Bf4 g6 7. h3 Bg7 8. Nf3 O-O 9. O-O Bf5 10. Be2 Ne4 11.
Nbd2 a6 12. a4 Rc8 13. Re1 Nxd2 14. Qxd2 Na5 15. Qe3 Re8 16. Bh6 Nc4 17. Bxc4 Rxc4 18. Bxg7 Kxg7 19. Ne5 Rc8 20. Qf4 Qd6 21. g4 Be6 22.
Nd3 Bd7 23. Qxd6 exd6 24. a5 g5 25. Rxe8 Rxe8 26. Re1 Be6 27. f4 h6 28. Nb4 gxf4 29.
Nxd5 f3 30. Kf2 Rc8 31. Nf4 Bb3 32. Re7 Rc4 33. Rxb7 Ra4 34. Rxb3 1-0

[Event "*** Titled Tuesday Blitz"]
[Site "Chess.com"]
[Date "2020.10.20"]
[Round "1"]
[White "elegant285"]
[Black "IwkooO"]
[Result "0-1"]
[WhiteElo "2311"]
[BlackElo "2647"]
[TimeControl "180+1"]
[EndTime "10:05:39 PDT"]
[Termination "IwkooO won by resignation"]

1. d4 Nf6 2. c4 e6 3. Nf3 c5 4. d5 b5 5. dxe6 fxe6 6. cxb5 d5 7.
g3 Nbd7 8. Bg2 Bb7 9. O-O Bd6 10. Nc3 O-O 11. Bg5 h6 12. Bxf6 Nxf6 13. Qd3 Qe7 14. Nh4 Qf7 15. e4 Rad8 16. e5 Bxe5 17. Ng6 Bxc3 18. bxc3 Rfe8 19. Ne5 Qc7 20. f4 Nd7 21.
Rfe1 c4 22. Qg6 Nf8 23. Qb1 Qc5+ 24. Kh1 Ba8 25. a4 d4 26. cxd4 Bxg2+ 27. Kxg2 Rxd4 28. Qc2 Red8 29. Re2 Qd5+ 30. Kf2 Rxf4+ 31. gxf4 Qd4+ 32. Kg2 Qxa1 33. Qxc4 Rd4 34. Qc8 Rxf4 35. Nf3 Qxa4 36. Rxe6 Qa2+ 37. Kg3 Qxe6 0-1

[Event "*** Titled Tuesday Blitz"]
[Site "Chess.com"]
[Date "2020.10.20"]
[Round "1"]
[White "jonaszmb"]
[Black "avantage_ru"]
[Result "1/2-1/2"]
[WhiteElo "2408"]
[BlackElo "2789"]
[TimeControl "180+1"]
[EndTime "10:05:41 PDT"]
[Termination "Game drawn by agreement"]

1. g3 g6 2. Bg2 Bg7 3. Nf3 e5 4. d3 d5 5. O-O Ne7 6. c4 dxc4 7. dxc4 Qxd1 8. Rxd1 Na6 9. Nc3 c6 10. a3 Be6 11.
Nd2 f5 12. e4 Nc5 13. b4 Nd3 14. Nb3 Nxc1 15. Raxc1 Bxc4 16. Na5 Ba6 17. a4 b6 18. Nxc6 Nxc6 19. b5 Bb7 20. bxc6 Bxc6 21. Nb5 Bxb5 22. axb5 Rd8 23. exf5 gxf5 24. Rxd8+ Kxd8 25. Ra1 e4 26. Rxa7 Bd4 27. Ra4 Be5 28. g4 fxg4 29. Ra8+ Kc7 30. Rxh8 Bxh8 31. Bxe4 h5 32. Kg2 Kd6 33. Bc6 Ke5 34.
f3 Kf4 35. fxg4 hxg4 36. h3 gxh3+ 37. Kxh3 Be5 38. Kh4 1/2-1/2

[Event "*** Titled Tuesday Blitz"]
[Site "Chess.com"]
[Date "2020.10.20"]
[Round "1"]
[White "MokshanovAlexey"]
[Black "beto-betun"]
[Result "1-0"]
[WhiteElo "2521"]
[BlackElo "2177"]
[TimeControl "180+1"]
[EndTime "10:05:41 PDT"]
[Termination "MokshanovAlexey won by resignation"]

1. e4 c5 2. Nf3 d6 3. Bb5+ Nd7 4. O-O a6 5. Bd3 g6 6. c3 Bg7 7. Bc2 e6 8. d4 cxd4 9. cxd4 Ne7 10. Nc3 O-O 11. Bf4 e5 12. Bg5 f6 13. Be3 Kh8 14.
Rc1 b5 15. Bb3 Bb7 16. dxe5 dxe5 17. Nd5 Nxd5 18. Bxd5 Bxd5 19. Qxd5 Qe8 20. Rfd1 Rd8 21. Qb7 Qe6 22. b3 Rf7 23. Rc6 Qg4 24. Rcd6 Bf8 25. h3 1-0

[Event "*** Titled Tuesday Blitz"]
[Site "Chess.com"]
[Date "2020.10.20"]
[Round "1"]
[White "Astaneh"]
[Black "Stalri"]
[Result "1-0"]
[WhiteElo "2514"]
[BlackElo "2147"]
[TimeControl "180+1"]
[EndTime "10:05:41 PDT"]
[Termination "Astaneh won by resignation"]

1. d4 g6 2. Nf3 Bg7 3. Nc3 d5 4. e4 dxe4 5. Nxe4 Nf6 6. Nxf6+ Bxf6 7. h3 O-O 8. c3 c5 9. dxc5 Nd7 10. Be3 Qc7 11. Qd5 a5 12. Bb5 a4 13. O-O-O a3 14. Bxd7 axb2+ 15. Kb1 Rd8 16. c6 bxc6 17. Qxc6 Qa5 18. a4 Ba6 19. Bb6 Qxc3 20. Qxc3 Bxc3 21. Bxd8 Rxd8 22. Bb5 Rxd1+ 23. Rxd1 Bb7 24. Rd7 Be4+ 25. Bd3 Bc6 26. Rc7 Bxf3 27. gxf3 Be5 28. Rxe7 Bf6 29. Rd7 1-0

[Event "*** Titled Tuesday Blitz"]
[Site "Chess.com"]
[Date "2020.10.20"]
[Round "1"]
[White "kiborg1987"]
[Black "PriSachu"]
[Result "0-1"]
[WhiteElo "2812"]
[BlackElo "2443"]
[TimeControl "180+1"]
[EndTime "10:05:44 PDT"]
[Termination "PriSachu won by checkmate"]

1. e4 e5 2. Nf3 Nc6 3. Bc4 Nf6 4. d3 Be7 5. O-O O-O 6. Re1 d6 7. a4 Kh8 8. a5 a6 9. Nc3 Ng8 10. Nd5 f5 11. h3 Bf6 12. b4 Nce7 13. Nxf6 Nxf6 14. Ng5 Qe8 15. Ne6 Bxe6 16. Bxe6 f4 17.
c3 Ng6 18. Bb3 Nh4 19. f3 Nh5 20. Re2 Rf6 21. Bd2 Rg6 22. Rf2 Qd7 23. Kh2 Rg3 24. Qh1 Rf8 25. Be1 Rf6 26. Rb2 Nxf3+ 27. gxf3 Qxh3# 0-1

[Event "*** Titled Tuesday Blitz"]
[Site "Chess.com"]
[Date "2020.10.20"]
[Round "1"]
[White "TurboSteen"]
[Black "TrickyFortem"]
[Result "0-1"]
[WhiteElo "2039"]
[BlackElo "2480"]
[TimeControl "180+1"]
[EndTime "10:05:44 PDT"]
[Termination "TrickyFortem won by checkmate"]

1. e4 c5 2. Nc3 Nc6 3. Bb5 g6 4. Bxc6 bxc6 5. d3 Bg7 6. f4 d6 7. Nf3 Nh6 8. O-O O-O 9. Qe1 Rb8 10. Qh4 f6 11. f5 g5 12. Qg3 Nf7 13. h4 h6 14. b3 Ne5 15. Nxe5 dxe5 16. Be3 Qa5 17. Na4 Rb5 18. c4 Rb4 19. Nxc5 Rb8 20. Na4 Kf7 21. Rad1 Rd8 22. d4 Bd7 23. dxe5 fxe5 24. hxg5 hxg5 25. Qxg5 Be8 26. Qg6+ Kf8 27. Qg3 Rxd1 28. Rxd1 Bh5 29. Bc5 Bf6 30. Rd7 Kf7 31. Qh3 Rh8 32. Qd3 Qe1+ 33.
Kh2 Bf3# 0-1

[Event "*** Titled Tuesday Blitz"]
[Site "Chess.com"]
[Date "2020.10.20"]
[Round "1"]
[White "Savagelittlemole"]
[Black "sopo-tereladze"]
[Result "1-0"]
[WhiteElo "2612"]
[BlackElo "2287"]
[TimeControl "180+1"]
[EndTime "10:05:48 PDT"]
[Termination "Savagelittlemole won by resignation"]

1. e4 e5 2. Nf3 Nc6 3. Bb5 a6 4. Ba4 Nf6 5. O-O Be7 6. Bxc6 dxc6 7. Nxe5 Nxe4 8. Re1 Nf6 9. d4 O-O 10. Nc3 Be6 11.
Bg5 h6 12. Bh4 Re8 13. Qf3 Nd5 14. Bxe7 Qxe7 15. Rad1 Qf6 16. Qg3 Nxc3 17. Qxc3 Rad8 18. Re3 Bf5 19. h3 Re6 20. Rde1 Rde8 21. Nf3 Rxe3 22.
Rxe3 Rxe3 23. fxe3 Be4 24. Nd2 Qg6 25. Nxe4 Qxe4 26. Qd3 Qd5 27. c4 Qd6 28. b3 c5 29.
Qe4 cxd4 30. exd4 c6 31. Kh1 Qe6 32. Qxe6 fxe6 33. Kh2 Kf7 34. Kg3 Kf6 35. Kf4 b6 36. Ke4 g5 37. g4 Kf7 38. Ke5 Ke7 39. b4 b5 40. c5 Kf7 41. Kd6 Kf6 42. Kxc6 e5 43.
dxe5+ Kxe5 44. Kb7 1-0

[Event "*** Titled Tuesday Blitz"]
[Site "Chess.com"]
[Date "2020.10.20"]
[Round "1"]
[White "Shahinyan_ChessMood"]
[Black "ChelsieMonica"]
[Result "1-0"]
[WhiteElo "2737"]
[BlackElo "2369"]
[TimeControl "180+1"]
[EndTime "10:05:50 PDT"]
[Termination "Shahinyan_ChessMood won by resignation"]

1. e4 e5 2. Nf3 Nc6 3. d4 exd4 4. Nxd4 Bc5 5. Nb3 Bb4+ 6. Nc3 Be7 7. Be3 Nf6 8. Be2 d6 9. Qd2 O-O 10. f3 a5 11. a3 a4 12. Nd4 Nxd4 13. Bxd4 c5 14.
Be3 Be6 15. O-O-O b5 16. Bxb5 Qb6 17. Qe2 Rfb8 18. Kd2 d5 19. exd5 Nxd5 20. Nxd5 Bxd5 21. c4 Qa5+ 22. Kc1 Be6 23. Rd2 Rxb5 24. cxb5 c4 25. Rc2 Qxb5 26. Rd1 h6 27. g4 Rb8 28. Bd4 Bg5+ 29.
Kb1 Be7 30. Qe5 Qxe5 31. Bxe5 Rb5 32. Bd6 Bf6 33. Bb4 h5 34. h3 hxg4 35. hxg4 Kh7 36. Rd6 Be7 37. Rxe6 Bxb4 38. Rh2+ Kg8 39. Re8+ Bf8 40.
Rd2 c3 41. Rdd8 Rxb2+ 42. Kc1 Ra2 43. Rxf8+ Kh7 44. Rxf7 1-0

[Event "*** Titled Tuesday Blitz"]
[Site "Chess.com"]
[Date "2020.10.20"]
[Round "1"]
[White "asms9699"]
[Black "novocane"]
[Result "1-0"]
[WhiteElo "2619"]
[BlackElo "2291"]
[TimeControl "180+1"]
[EndTime "10:05:50 PDT"]
[Termination "asms9699 won by resignation"]

1. c4 e5 2. g3 c6 3. d4 e4 4. Bg2 d5 5. Nc3 Nf6 6. Bg5 Nbd7 7. f3 exf3 8. Nxf3 Be7 9. O-O O-O 10. cxd5 Nxd5 11.
Bxe7 Nxe7 12. e4 Nf6 13. Qd3 b6 14. Rad1 Bb7 15. Ng5 h6 16. e5 hxg5 17. exf6 gxf6 18. Rxf6 Ng6 19. Rdf1 Nf4 20. Qf5 Ne6 21. d5 cxd5 22.
Nxd5 Rc8 23. Rxf7 Rxf7 24. Qxf7+ Kh8 25. Qxe6 Rc5 26. Qh6+ Kg8 27. Nf6+ Kf7 28. Ne4+ Ke8 1-0

[Event "*** Titled Tuesday Blitz"]
[Site "Chess.com"]
[Date "2020.10.20"]
[Round "1"]
[White "UCantHandleDenker"]
[Black "Vandros57"]
[Result "1-0"]
[WhiteElo "2532"]
[BlackElo "2202"]
[TimeControl "180+1"]
[EndTime "10:05:50 PDT"]
[Termination "UCantHandleDenker won on time"]

1. Nf3 d5 2. g3 c5 3. Bg2 Nc6 4. O-O Nf6 5. d3 e6 6. Nbd2 Be7 7. e4 O-O 8. Re1 b6 9. e5 Ng4 10. Nf1 Bb7 11. h3 Nh6 12. g4 Qd7 13. Bf4 d4 14. Qd2 Nb4 15. a3 Nd5 16. Bxh6 gxh6 17. Qxh6 f6 18.
Ng3 Rf7 19. Nh5 Raf8 20. exf6 Bxf6 21. Ng5 Bxg5 22. Qxg5+ Kh8 23. Re2 Nf4 24. Qe5+ Kg8 25. Nxf4 Rxf4 26. Bxb7 Qxb7 27. Qxe6+ Kh8 28. Qe5+ Kg8 29.
Qg5+ Kh8 30. Re7 1-0

[Event "*** Titled Tuesday Blitz"]
[Site "Chess.com"]
[Date "2020.10.20"]
[Round "1"]
[White "ViditYT"]
[Black "RobPeresian"]
[Result "1-0"]
[WhiteElo "2925"]
[BlackElo "2448"]
[TimeControl "180+1"]
[EndTime "10:05:53 PDT"]
[Termination "ViditYT won by resignation"]

1. d4 d5 2. c4 c6 3. Nf3 Nf6 4. e3 a6 5. Nc3 Bg4 6. Qb3 Ra7 7. Ne5 Bf5 8. cxd5 cxd5 9. Be2 h6 10.
O-O e6 11. Bd2 Be7 12. Rac1 O-O 13. Na4 Nbd7 14. Nxd7 Nxd7 15. Bb4 Bxb4 16. Qxb4 b5 17. Nc5 Nb6 18. b3 Qb8 19. Qa5 Rc8 20. Nxa6 Qb7 21. Rxc8+ Nxc8 22. Qxb5 Qxb5 23. Bxb5 Nd6 24. Be2 Ne4 25.
Rc1 g5 26. f3 Nd6 27. Rc6 1-0

[Event "*** Titled Tuesday Blitz"]
[Site "Chess.com"]
[Date "2020.10.20"]
[Round "1"]
[White "lelya96"]
[Black "RestartingChess"]
[Result "0-1"]
[WhiteElo "2183"]
[BlackElo "2524"]
[TimeControl "180+1"]
[EndTime "10:05:53 PDT"]
[Termination "RestartingChess won by resignation"]

1. e4 Nf6 2. e5 Nd5 3. d4 d6 4.
Nf3 g6 5. Be2 Bg7 6. O-O O-O 7.
c4 Nb6 8. exd6 exd6 9. Nc3 Bf5 10. Be3 Nc6 11. Rc1 d5 12. c5 Nc4 13. Bxc4 dxc4 14. d5 Nb4 15. Bg5 Qd7 16. a3 Nd3 17. Rc2 Nxc5 18. Rd2 Nb3 19. Nd4 Nxd2 20. Qxd2 Bd3 21. Be3 Bxf1 22. Kxf1 Rfe8 23. g3 Qh3+ 24. Kg1 Re7 25.
Bg5 f6 26. Be3 Rae8 27. Nf3 Qf5 28. Kg2 Qd3 29. Qc1 Rxe3 30. fxe3 Rxe3 31. Nh4 f5 32. Nb5 Re2+ 33. Kh3 Qc2 34. Qg1 Qe4 0-1

[Event "*** Titled Tuesday Blitz"]
[Site "Chess.com"]
[Date "2020.10.20"]
[Round "1"]
[White "Ind1anStar"]
[Black "Sibelephant"]
[Result "0-1"]
[WhiteElo "2454"]
[BlackElo "3101"]
[TimeControl "180+1"]
[EndTime "10:05:55 PDT"]
[Termination "Sibelephant won by resignation"]

1. c4 e5 2. g3 Nc6 3. Bg2 g6 4. Nc3 Bg7 5. e3 d6 6. Nge2 Be6 7. d3 Qd7 8. Nd5 Nd8 9. Rb1 c6 10. Ndc3 Bh3 11. O-O h5 12. Ne4 h4 13. f4 Bxg2 14.
Kxg2 hxg3 15. hxg3 d5 16. cxd5 cxd5 17. Nc5 Qh3+ 18.
Kf2 b6 19. Na6 Rc8 20. Bd2 Nf6 21. Qa4+ Qd7 22. Qxd7+ Kxd7 23. fxe5 Ng4+ 24. Kg2 Rh2+ 0-1

[Event "*** Titled Tuesday Blitz"]
[Site "Chess.com"]
[Date "2020.10.20"]
[Round "1"]
[White "maximnovik"]
[Black "oogee"]
[Result "1-0"]
[WhiteElo "2523"]
[BlackElo "2179"]
[TimeControl "180+1"]
[EndTime "10:05:55 PDT"]
[Termination "maximnovik won on time"]

1. d4 Nf6 2. c3 d5 3. Bf4 c5 4. e3 Nc6 5. Nd2 g6 6. Nh3 Bxh3 7.
gxh3 Bg7 8. h4 Nh5 9. Bg3 e5 10. dxc5 O-O 11. Be2 Nxg3 12. hxg3 d4 13. cxd4 exd4 14.
e4 d3 15. Bf3 Bxb2 16. Rb1 Bc3 17. O-O Nd4 18. Nb3 Nxf3+ 19. Qxf3 Rc8 20. Rfd1 Qf6 21.
Qxf6 Bxf6 22. Rxd3 Rfe8 23. f3 Re7 24. Kg2 b6 25. Rc1 Rec7 26. Rd5 Be7 27. cxb6 Rc2+ 28. Rxc2 Rc3 29. Rxc3 1-0

[Event "*** Titled Tuesday Blitz"]
[Site "Chess.com"]
[Date "2020.10.20"]
[Round "1"]
[White "PawnEatingZombie"]
[Black "Artyom_ChessMate"]
[Result "0-1"]
[WhiteElo "2164"]
[BlackElo "2512"]
[TimeControl "180+1"]
[EndTime "10:05:55 PDT"]
[Termination "Artyom_ChessMate won on time"]

1. d4 d5 2. c4 e6 3. Nc3 Nf6 4. cxd5 exd5 5. Bg5 c6 6. e3 Qb6 7. Qc2 Ne4 8. Bh4 Bf5 9. Bd3 Na6 10. a3 Qa5 11.
Rc1 Nxc3 12. bxc3 Bxd3 13. Qxd3 Bxa3 14. Ra1 Nb4 15. Qd2 Qb5 16. Rxa3 Nd3+ 17. Ke2 Ne5+ 18. Ke1 Nc4 19. Qa2 Nxa3 20. Qxa3 Qb1+ 21. Ke2 Qc2+ 22.
Kf3 Qe4+ 23. Ke2 g5 24. Bg3 Qc2+ 0-1

[Event "*** Titled Tuesday Blitz"]
[Site "Chess.com"]
[Date "2020.10.20"]
[Round "1"]
[White "niki_2003"]
[Black "Ajedrez_con_German"]
[Result "0-1"]
[WhiteElo "1812"]
[BlackElo "2458"]
[TimeControl "180+1"]
[EndTime "10:05:55 PDT"]
[Termination "Ajedrez_con_German won by resignation"]

1. d4 d5 2. c4 c6 3. Nf3 Nf6 4. g3 Bf5 5. Bg2 e6 6. O-O Nbd7 7. Nbd2 h6 8. b3 Be7 9. Bb2 O-O 10. Re1 Ne4 11. Nxe4 Bxe4 12. Nd2 Bxg2 13. Kxg2 Nf6 14. f3 Qa5 15. e4 Bb4 16. e5 Bxd2 17. Re2 Bg5 18. h4 Bxh4 19. gxh4 Nd7 20. Kh3 f6 21. Rg2 fxe5 22. dxe5 Rf7 23. Bc1 Kh8 24. f4 Qc3+ 25.
Kh2 Qxa1 26. Qh5 Raf8 27. f5 Qxc1 28. fxe6 Qf4+ 29. Kh1 Qf1+ 30. Kh2 Rf2 0-1

[Event "*** Titled Tuesday Blitz"]
[Site "Chess.com"]
[Date "2020.10.20"]
[Round "1"]
[White "ExtremeLearner"]
[Black "German_Bazeev"]
[Result "0-1"]
[WhiteElo "2344"]
[BlackElo "2700"]
[TimeControl "180+1"]
[EndTime "10:05:56 PDT"]
[Termination "German_Bazeev won by resignation"]

1. d4 Nf6 2. Nf3 e6 3. g3 b5 4. Bg2 Bb7 5. O-O c5 6. a4 b4 7. dxc5 Bxc5 8. Nbd2 d5 9. Nb3 Be7 10. Nfd4 O-O 11. Bf4 Nbd7 12. Bg5 Rc8 13. h4 Ne5 14.
Qc1 Nc4 15. Rd1 a6 16. e3 Qc7 17. Bf1 h6 18. Bxf6 Bxf6 19. Nd2 Nd6 20. Bd3 g6 21. N2b3 e5 22. Ne2 e4 23. Qd2 exd3 24. cxd3 a5 25. e4 dxe4 26. Qxh6 Nf5 27. Qf4 Qxf4 28. Nxf4 Bxb2 29.
Rab1 Bc3 30. dxe4 Bxe4 31. Rd7 Bxb1 32. Nd5 Bg7 0-1